 Dungeon Crawl Stone Soup version 0.30-a0-4-ga7cffc901d (webtiles) character file.

Game seed: 2309388663307344405

413 greasedhog the Trooper (level 6, -1/41 HPs)
             Began as a Gargoyle Abyssal Knight on Aug 20, 2022.
             Was a Priest of Lugonu.
             Slain by an orc
             ... wielding a +0 club
              (3 damage)
             ... on level 3 of the Dungeon.
             The game lasted 00:04:18 (3571 turns).

greasedhog the Trooper (Gargoyle Abyssal Knight)    Turns: 3571, Time: 00:04:18

Health: -1/41      AC: 13    Str: 18    XL:     6   Next: 91%
Magic:  19/19      EV:  7    Int: 11    God:    Lugonu [***...]
Gold:   204        SH:  0    Dex: 10    Spells: 5/5 levels left

rFire   . . .      SeeInvis .    a - +1 mace
rCold   . . .      Faith    .    (no shield)
rNeg    + . .      Spirit   .    q - +0 chain mail
rPois   ∞          Reflect  .    (no helmet)
rElec   +          Harm     .    (no cloak)
rCorr   .          Rampage  .    (no gloves)
Will    .....                    (no boots)
Stlth   ..........               b - amulet of magic regeneration
HPRegen 0.13/turn                j - ring of magical power
MPRegen 0.56/turn                (no ring)

@: no status effects
A: sickness immunity, AC +4, negative energy resistance 1, electricity
resistance, torment resistance 1, petrification resistance
a: Renounce Religion, Depart the Abyss, Bend Space, Banish


You were on level 3 of the Dungeon.
You worshipped Lugonu.
Lugonu was most pleased with you.
You visited 1 branch of the dungeon, and saw 3 of its levels.
You visited the Abyss 1 time.

You collected 204 gold pieces.

Inventory:

Hand Weapons
 a - a +1 mace (weapon)
Armour
 q - a +0 chain mail (worn)
Jewellery
 b - an amulet of magic regeneration (around neck)
 j - a ring of magical power (left hand)
Scrolls
 e - a scroll of silence {unknown}
 g - 2 scrolls of identify
 h - a scroll of teleportation
 l - a scroll of immolation
 n - 2 scrolls of vulnerability
Potions
 c - a potion of brilliance
 d - a potion of flight
 f - a potion of degeneration {unknown}
 i - a potion of heal wounds {unknown}
 k - a potion of haste {unknown}
 m - a potion of curing
 o - a potion of berserk rage {unknown}


   Skills:
 - Level 5.7 Fighting
 * Level 2.4 Maces & Flails
 - Level 3.2 Armour
 - Level 0.7 Dodging
 * Level 5.4 Invocations


You had 5 spell levels left.
You didn't know any spells.
Your spell library contained the following spells:

 Spells                   Type           Power      Damage    Failure   Level
 Slow                     Hex            0%         N/A       99%         1
 Confusing Touch          Hex            0%         N/A       100%        3
 Vampiric Draining        Necr           0%         2d6       100%        3


Dungeon Overview and Level Annotations

Branches:
Dungeon (3/15)

Altars:
Fedhas
Nemelex Xobeh

Shops:
D:1 (

Annotations:
D:3 spaghetti's ghost, amateur MeEE


Innate Abilities, Weirdness & Mutations

You are immune to sickness and miasma.
Your stone body is resilient. (AC +4)
You are immune to poison.
You resist negative energy. (rN+)
You are resistant to electric shocks. (rElec)
You are resistant to unholy torment.
You are immune to petrification.


Message History

You closely miss the orc priest.
The orc priest is heavily wounded.
The orc priest hits you but does no damage.
You barely miss the orc priest.
The orc priest is heavily wounded.
The orc priest mumbles some strange prayers to Beogh against you.
Beogh smites you! The orc priest blocks your attack.
The orc priest is heavily wounded.
The orc priest hits you but does no damage. x2
You feel better. The orc priest barely misses you.
The orc priest blocks your attack.
The orc priest is heavily wounded.
The orc priest hits you but does no damage.
The orc priest hits you but does no damage.
You barely miss the orc priest.
The orc priest is heavily wounded.
The orc priest looks braver for a moment.
The orc closely misses you. The orc priest blocks your attack.
The orc priest is heavily wounded.
The orc priest calls down the wrath of Beogh upon you.
Beogh smites you! The orc closely misses you.
You hit the orc priest.
The orc priest is almost dead.
The orc priest hits you but does no damage.
The orc hits you but does no damage. The orc barely misses you.
The orc priest invokes the aid of Beogh against you.
Beogh smites you!
* * * LOW HITPOINT WARNING * * *
The orc barely misses you. The orc closely misses you.
You hit the orc priest but do no damage.
The orc priest is almost dead.
The orc hits you but does no damage. The orc barely misses you.
The orc priest blocks your attack.
The orc priest is almost dead.
The orc priest mumbles some strange prayers to Beogh against you.
You are unaffected.
The orc hits you but does no damage. The orc hits you with a +0 club.
You die...

#.# #...# #. #######.#
#####.##### #. #.......#
#.........###. #.#####.#
#.###......... #.#####.####.#
#####.####
#####.##......##.###.........
#...........#.#.#............
##.###.....oo#..###<#.###.####
#.........ooo@..# ##....#.#
#8........Wooo.8###.###.#.#
#######'''######.#..# #.#.#
#.............##.#.###.#.#
#....#####....#..........#
#.###.)...###.########.###
#####.#8#..8..#8#.# #.#
#...#.............# #.# ##
#.###8....[_.....8# #####.# #.


You could see an orc priest, spaghetti's ghost and 7 orcs.

Vanquished Creatures
  Grinder (D:3)
  A black bear (D:3)
  An iguana (D:3)
  2 adders
  A worm (D:2)
  2 dart slugs (D:1)
  7 endoplasms
  5 giant cockroaches
  12 goblins
  6 hobgoblins
  5 jackals
  2 quokkas (D:1)
  6 ball pythons
  7 bats
  4 frilled lizards
  9 kobolds
  2 rats
73 creatures vanquished.

Notes
Turn   | Place    | Note
-------+----------+-------------------------------------------
     0 | Abyss:1  | greasedhog the Gargoyle Abyssal Knight began the quest for
                  | the Orb.
     0 | Abyss:1  | Reached XP level 1. HP: 14/14 MP: 2/2
     1 | D:1      | Escaped the Abyss
    26 | D:1      | Found a faded altar of an unknown god.
   271 | D:1      | Reached XP level 2. HP: 19/19 MP: 3/3
   798 | D:1      | Reached XP level 3. HP: 24/24 MP: 4/4
   833 | D:1      | Found Fuf Vimi's Weapon Boutique.
  1224 | D:2      | Reached *** piety under Lugonu
  1797 | D:2      | Reached XP level 4. HP: 30/30 MP: 6/6
  2267 | D:3      | Found a sparkling altar of Nemelex Xobeh.
  2321 | D:3      | Noticed Grinder
  2321 | D:3      | Paralysed by Grinder for 3 turns
  2345 | D:3      | Paralysed by Grinder for 5 turns
  2369 | D:3      | Killed Grinder
  2370 | D:3      | Reached skill level 5 in Fighting
  2370 | D:3      | Reached XP level 5. HP: 19/36 MP: 8/8
  2370 | D:3      | Reached XP level 6. HP: 22/41 MP: 9/9
  2567 | D:3      | Found a blossoming altar of Fedhas.
  2698 | D:3      | Noticed a black bear
  2708 | D:3      | Killed a black bear
  2709 | D:3      | Reached skill level 5 in Invocations
  3294 | D:3      | Found a runed translucent gate.
  3294 | D:3      | Found a runed translucent gate.
  3294 | D:3      | Found a runed translucent gate.
  3298 | D:3      | Noticed spaghetti's ghost (amateur MeEE)
  3364 | D:3      | Identified the +5 kite shield of Privacy {-Tele rPois Will+
                  | Dex+3}
  3365 | D:3      | Identified the +5 chain mail of the Poles {*Slow rPois
                  | rCorr Slay+4}
  3569 | D:3      | HP: 2/41 [orc priest/divine providence (12)]
  3571 | D:3      | Slain by an orc

Illustrated notes

Levels and vault maps discovered:
D:1:      ncdulo_wetmaze, layout_loops_ring, serial_shops,
          nicolae_shop_bloodbath_and_beyond, basic_ecumenical_altar
D:2:      layout_loops_cross, minmay_misc_feat_secret_circle,
          minmay_randomly_rotated_circles
D:3:      layout_loops_ring, mainiacjoe_overflow_catwalk, amcnicky_altar_gilded,
          biasface_ghost_orc_armoury, minmay_goblin_kobold_house, uniq_grinder

Skill      XL: |  1  2  3  4  5  6 |
---------------+-------------------+-----
Fighting       | 4 5 |  5.7
Invocations    | 3 4 5 |  5.4
Armour         | 3 |  3.2
Maces & Flails | |  2.4
Dodging        | |  0.7

Action                   |  1- 3 |  4- 6 || total
-------------------------+-------+-------++-------
Melee: Mace              |   103 |   142 ||   245
       Punch             |       |     2 ||     2
  Use: Scroll            |       |     7 ||     7
       Potion            |       |     4 ||     4
Armor: Leather armour    |     8 |       ||     8
       Ring mail         |    49 |    38 ||    87
       Skin              |       |    12 ||    12
       Scale mail        |       |    68 ||    68
       Chain mail        |       |    11 ||    11
Dodge: Dodged            |    64 |    83 ||   147

Table legend: (Time is in decaauts)
 A = Elapsed time spent in this place.
 B = Non-inter-level travel time spent in this place.
 C = Inter-level travel time spent in this place.
 D = Time resting spent in this place.
 E = Time spent auto-exploring this place.
 F = Levels seen in this place.
 G = Mean time per level.
                   A        B        C        D        E       F      G
               +--------+--------+--------+--------+--------+-----+--------+
         Total |   3648 |   3566 |     82 |    215 |   2715 |   4 |  912.0 |
       Dungeon |   3647 |   3565 |     82 |    215 |   2715 |   3 | 1215.7 |
         Abyss |      1 |      1 |      0 |      0 |      0 |   1 |    1.0 |
               +--------+--------+--------+--------+--------+-----+--------+

Top non-repeatable levels by time:
     D:3: 1386 daAuts
     D:1: 1156 daAuts
     D:2: 1103 daAuts
 Abyss:1: 1 daAuts
